 Dungeon Crawl Stone Soup version 0.20.1-1-g8b1a95d (webtiles) character file.

79 MJtheKandyman the Conjurer (level 4, -1/33 HPs)
             Began as a Draconian Conjurer on Dec 29, 2017.
             Slain by a bullfrog (2 damage)
             ... on level 1 of the Dungeon.
             The game lasted 00:16:50 (2887 turns).

MJtheKandyman the Conjurer (Draconian Conjurer)     Turns: 2887, Time: 00:16:50

Health: -1/33      AC:  5    Str: 10    XL:     4   Next: 17%
Magic:  2/8        EV: 12    Int: 16    God:
Gold:   82         SH:  0    Dex: 12    Spells: 6/9 levels left

rFire    . . .     SeeInvis .   (no weapon)
rCold    . . .     Gourm    .   (no shield)
rNeg     . . .     Faith    .   (armour unavailable)
rPois    .         Spirit   .   (helmet restricted)
rElec    .         Reflect  .   (no cloak)
rCorr    .         Harm     .   (no gloves)
MR       .....                  (no boots)
Stlth    ++........             (no amulet)
Regen    0.2/turn               (no ring)
MPRegen  0.2/turn               (no ring)

@: very slightly contaminated
A: unfitting armour, cold-blooded, AC +5
a: no special abilities


You were on level 1 of the Dungeon.
You were very hungry.

You visited 1 branch of the dungeon, and saw 2 of its levels.

You collected 82 gold pieces.

Inventory:

Hand Weapons
 e - a +0 mace
 n - a +0 mace of protection
Missiles
 g - a throwing net
 j - 122 stones (quivered)
Armour
 h - a +0 pair of boots
Jewellery
 p - an uncursed ring of protection from cold {unknown}
Scrolls
 f - a scroll of fear {unknown}
 l - a scroll of magic mapping {unknown}
 m - a scroll of remove curse {unknown}
 o - a scroll of enchant armour {unknown}
 q - 3 scrolls of identify {unknown}
 r - a scroll of recharging {unknown}
 s - a scroll of enchant weapon {unknown}
Potions
 c - a potion of haste {unknown}
 i - 2 potions of agility {unknown}
 k - a potion of curing {unknown}
Books
 a - a book of Conjurations

   Spells                             Type                      Level
   a - Magic Dart                     Conjuration                  1
   b - Searing Ray                    Conjuration                  2
   c - Dazzling Spray                 Conjuration/Hexes            3
   d - Fulminant Prism                Conjuration/Hexes            4
   e - Force Lance                    Conjuration/Translocation    4
   f - Iskenderun's Mystic Blast      Conjuration                  4
Comestibles
 b - a bread ration
 d - 11 fruits
 t - a meat ration


   Skills:
 - Level 1.7 Dodging
 - Level 1.7 Stealth
 + Level 3.1 Spellcasting
 + Level 5.0 Conjurations


You had 6 spell levels left.
You knew the following spells:

 Your Spells              Type           Power        Failure   Level  Hunger
a - Magic Dart            Conj           ###.         2%          1    None
b - Searing Ray           Conj           ###...       3%          2    ##.....


Dungeon Overview and Level Annotations

Branches:
Dungeon (2/15)

Altars:
Cheibriados


Innate Abilities, Weirdness & Mutations

Your plain brown scales are hard. (AC +5)
You cannot fit into any form of body armour.
You are cold-blooded and may be slowed by cold attacks.


Message History

You climb upwards.
There is a stone staircase leading down here.
Casting: Searing Ray
Confirm with . or Enter, or press ? or * to list all spells.
Aiming: Magic Dart
Press: ? - help, Shift-Dir - straight line, f - bullfrog
Aim: a bullfrog (moderately wounded)
The magic dart hits the bullfrog.
The bullfrog is moderately wounded.
The bullfrog closely misses you. The bullfrog hits you.
* * * LOW HITPOINT WARNING * * *
Casting: Magic Dart
Confirm with . or Enter, or press ? or * to list all spells.
Aiming: Magic Dart
Press: ? - help, Shift-Dir - straight line, f/p - bullfrog
Aim: a bullfrog (moderately wounded)
You miscast Magic Dart.
You are very lightly contaminated with residual magic.
Nothing appears to happen.
The bullfrog hits you.
You die...

#.###### ############### #.#..#
#.............# #.#..#
#.###########.# #.#..###
###.##### #.###.#..#.. ##
#.......#######.#.#.#..#.# .#
#.#.###.#.................
.#######.#..##.#.#####.#.#....#..
......[..#..##.#@......#......###
.#..............F.....).....#.# #
.#.###......##.##.............# #
............##.#.(#..........####
.#.###......#[...................
.#.####.....#####....####....####
.........#.........#.####....####
.#.####..#########.#.............
##....#..#.......#..#######.#####


You could see a bullfrog.

Vanquished Creatures
  An adder (D:2)
  A worm (D:2)
  3 dart slugs
  2 leopard geckos (D:2)
  4 giant cockroaches (D:1)
  7 goblins
  6 hobgoblins
  9 jackals (D:2)
  A quokka (D:2)
  5 bats
  3 frilled lizards
  5 kobolds
  7 rats
54 creatures vanquished.

Notes
Turn   | Place    | Note
-------+----------+-------------------------------------------
     0 | D:1      | MJtheKandyman the Draconian Conjurer began the quest for the Orb.
     0 | D:1      | Reached XP level 1. HP: 14/14 MP: 3/3
   293 | D:1      | Reached XP level 2. HP: 19/20 MP: 0/5
   587 | D:1      | Learned a level 2 spell: Searing Ray
  1323 | D:1      | Reached XP level 3. HP: 26/26 MP: 4/7
  1984 | D:2      | Found a snail-covered altar of Cheibriados.
  2400 | D:2      | Reached XP level 4. HP: 33/33 MP: 2/8
  2556 | D:2      | Reached skill level 5 in Conjurations
  2828 | D:2      | Noticed a bullfrog
  2886 | D:1      | HP: 1/33 [bullfrog (3)]
  2887 | D:1      | Slain by a bullfrog

Skill      XL: |  1  2  3  4 |
---------------+-------------+-----
Spellcasting   | 3 |  3.1
Conjurations   | 5 |  5.0
Dodging        | |  1.7
Stealth        | |  1.7

Action                   |  1- 3 |  4- 6 || total
-------------------------+-------+-------++-------
Melee: Unarmed           |    34 |       ||    34
Throw: Stone             |     3 |       ||     3
 Cast: Magic Dart        |    78 |    24 ||   102
       Searing Ray       |    10 |     1 ||    11
  Eat: Chunk             |     6 |       ||     6
Armor: Skin              |    23 |     4 ||    27
Dodge: Dodged            |    34 |    12 ||    46
